[Event "*** Titled Tuesday Blitz"]
[Site "Chess.com"]
[Date "2020.02.04"]
[Round "4"]
[White "Duhless"]
[Black "MatthewG-p4p"]
[Result "1-0"]
[WhiteElo "3060"]
[BlackElo "2818"]
[TimeControl "180+2"]
[EndTime "13:51:26 PST"]
[Termination "Duhless won by resignation"]

1. d4 Nf6 2. Nf3 c5 3. d5 b5 4. c4 Qa5+ 5. Nfd2 d6 6. a3 bxc4 7. Nc3 g6 8. Nxc4 Qc7 9. e4 Nbd7 10. Be2 Bg7 11. O-O O-O 12. Bg5 h6 13. Bh4 Ba6 14. Qc2 Rab8 15. Rab1 Bxc4 16. Bxc4 Ne5 17. Be2 g5 18. Bg3 Ng6 19. Kh1 c4 20. Nd1 Rfc8 21.
Ne3 Nd7 22. Bg4 c3 23. b4 Re8 24. Bxd7 Qxd7 25. Nf5 Rbc8 26. f4 Rc4 27. Rf2 Bf8 28. fxg5 hxg5 29. Rbf1 e6 30. Ne3 Rc7 31. dxe6 Rxe6 32.
Nd5 Bg7 33. Nxc7 Qxc7 34. h3 Ne5 35. Rf5 Qc4 36. R1f2 Nd3 37. R2f3 Ne5 38. Rxc3 Qd4 39.
Rc8+ Kh7 40. Rxg5 Ng6 41. Rh5+ Bh6 42. Qc1 Qg7 43. Rxh6+ Qxh6 44. Qxh6+ Kxh6 45. Rc4 Kg7 46. Rd4 Ne5 47. Rxd6 1-0

[Event "*** Titled Tuesday Blitz"]
[Site "Chess.com"]
[Date "2020.02.04"]
[Round "4"]
[White "obliviate12"]
[Black "olksuna"]
[Result "1-0"]
[WhiteElo "2844"]
[BlackElo "2573"]
[TimeControl "180+2"]
[EndTime "13:51:26 PST"]
[Termination "obliviate12 won by resignation"]

1. Nf3 d5 2. c4 e6 3. d4 Nf6 4.
g3 Bb4+ 5. Bd2 Be7 6. Bg2 O-O 7. O-O Nbd7 8. Qc2 c6 9. Bf4 b6 10.
cxd5 Nxd5 11. Nc3 Nxf4 12. gxf4 Bb7 13. Rad1 Qc7 14. e3 Rac8 15. Ne5 Nxe5 16. dxe5 Rfd8 17. Rxd8+ Rxd8 18. Rd1 h6 19. Rxd8+ Qxd8 20. Ne2 Qd7 21. a3 c5 22. Nc3 Bxg2 23. Kxg2 Qc6+ 24. Qe4 Qxe4+ 25. Nxe4 Kf8 26. Kf3 Ke8 27. Nc3 Kd7 28.
e4 c4 29. f5 a6 30. Kg4 b5 31. f4 Kc6 32. fxe6 fxe6 33. Kh5 a5 34. Kg6 b4 35.
axb4 axb4 36. Nd1 c3 37. bxc3 b3 38. Kxg7 Ba3 39. Kf7 b2 40. Nxb2 Bxb2 41. Kxe6 Bxc3 42. f5 Kc7 43. f6 Kd8 44. f7 Bb4 45. Kf6 Bf8 46.
e6 h5 47. h4 Bh6 48. e7+ 1-0

[Event "*** Titled Tuesday Blitz"]
[Site "Chess.com"]
[Date "2020.02.04"]
[Round "4"]
[White "Carnivoras"]
[Black "GMHess"]
[Result "0-1"]
[WhiteElo "2554"]
[BlackElo "2751"]
[TimeControl "180+2"]
[EndTime "13:51:26 PST"]
[Termination "GMHess won by resignation"]

1. d4 g6 2. Nf3 Bg7 3. e4 c6 4. Bd3 d6 5. O-O Nd7 6. c4 e5 7.
Bd2 exd4 8. Bg5 Qb6 9. Qc2 Ne5 10. Nbd2 h6 11. Bh4 Nf6 12. Bg3 Nh5 13. Rab1 Nxg3 14. hxg3 O-O 15. b4 a5 16. c5 Qd8 17. cxd6 axb4 18.
Nxe5 Bxe5 19. Nc4 Bxd6 20. e5 Bc7 21. Bxg6 Be6 22. Bf5 Qd7 23. Bxe6 Qxe6 24. Rxb4 b5 25. Nd2 Rxa2 26. Qd3 Ba5 27. Qxd4 Rxd2 28. Qxd2 Bxb4 29. Qxb4 Qxe5 30. Rc1 Qe6 31. Rc5 Rd8 32. Qc3 Rd6 33. Kh2 Qf6 34. Qe3 Re6 35. Qd3 Qxf2 36. Qc2 Qxc2 37.
Rxc2 Kf8 38. g4 Ke7 39. Kg3 Kd6 40. Kf4 b4 41. Rd2+ Kc7 42. Ra2 Kb6 43. Ra8 c5 44. Rf8 Rc6 45. Rxf7 c4 46. Rf8 c3 47. Rb8+ Kc7 48. Rxb4 c2 0-1

[Event "*** Titled Tuesday Blitz"]
[Site "Chess.com"]
[Date "2020.02.04"]
[Round "4"]
[White "r31415"]
[Black "francyIM"]
[Result "0-1"]
[WhiteElo "2376"]
[BlackElo "2599"]
[TimeControl "180+2"]
[EndTime "13:51:26 PST"]
[Termination "francyIM won by resignation"]

1. e4 e5 2. Nf3 Nc6 3. Bc4 Bc5 4. c3 Nf6 5. d3 a6 6. O-O Ba7 7. Re1 O-O 8. Nbd2 d6 9. Bb3 Ng4 10. Re2 Kh8 11. h3 f5 12. exf5 Nh6 13. Nf1 Nxf5 14. Bg5 Qe8 15. d4 Qg6 16. dxe5 Nxe5 17. Nxe5 dxe5 18.
Qd2 h6 19. Be3 Nh4 20. Ng3 Bxh3 21. Qc2 Qxc2 22. Bxc2 Bxg2 23. Bxa7 Rxa7 24. Rd1 Bf3 25. Rd7 Bxe2 26. Nxe2 c6 27. Ng3 Rfa8 28. Rc7 b5 29. Rxc6 Nf3+ 30. Kf1 Rf8 31. Ne4 Ng5 32. Nd6 Nf7 33. Ne4 Nd8 34. Rd6 Nf7 35. Rg6 Rd8 36.
Bb3 Kh7 37. Rg3 Nd6 38. Nc5 Re7 39. Bc2+ e4 40. Nxa6 Nf5 41. Rh3 Rd2 42. Nb4 g6 43.
Ke1 e3 44. fxe3 Rg2 45. e4 Ng3 46. Nd5 Rf7 47. Ne3 Re2+ 48. Kd1 Rxe3 49. e5 Re7 50. a4 bxa4 51. Bxa4 R7xe5 52. Rh2 Re1+ 53. Kc2 Nf1 54. Rf2 Ne3+ 55. Kd3 Kg7 56. b4 Nd5 57. Kc4 R1e4+ 58. Kb3 Re3 59. Rc2 R5e4 60. Kb2 Nxb4 0-1

[Event "*** Titled Tuesday Blitz"]
[Site "Chess.com"]
[Date "2020.02.04"]
[Round "4"]
[White "HouseOfDurin"]
[Black "Sjakkerntobi"]
[Result "1-0"]
[WhiteElo "2099"]
[BlackElo "2249"]
[TimeControl "180+2"]
[EndTime "13:51:27 PST"]
[Termination "HouseOfDurin won by resignation"]

1. d4 Nf6 2. Bg5 d5 3. Bxf6 exf6 4. e3 c6 5. c4 Bd6 6. cxd5 cxd5 7. Nc3 Be6 8. g3 O-O 9. Bg2 Be7 10. Nge2 Nc6 11. O-O a6 12. a3 Rc8 13. Nf4 Qd6 14. Nfxd5 Rfd8 15. Rc1 Bf8 16. Nb6 Rb8 17. d5 Ne5 18.
dxe6 Qxb6 19. exf7+ Nxf7 20. Qc2 Rbc8 21. Rfd1 Rxd1+ 22. Rxd1 Ne5 23. Qd2 Kh8 24. Nd5 Qc5 25. b4 Qc2 26.
Qxc2 Rxc2 27. Nb6 Nc6 28. Bxc6 Rxc6 29. Rd8 Kg8 30. Nd7 Kf7 31. Nxf8 Ke7 32. Rb8 b6 33. Nxh7 Rc3 34. Rxb6 Rxa3 35. Rb7+ Ke6 36. Rxg7 Rb3 37. Rb7 a5 38. Rb6+ Kf7 39. bxa5 Ra3 40. Rxf6+ Kg7 41. Ra6 Kxh7 42. Ra8 Kg7 43. Kg2 Ra2 44. a6 Ra1 45. a7 Ra2 46. h4 Ra1 47. g4 Ra2 48. Kg3 Ra3 49. h5 Ra2 50. g5 Ra6 51.
f4 Ra3 52. Kg4 Ra1 53. e4 Rg1+ 54. Kf5 Ra1 55. e5 Kh7 56. e6 Ra5+ 57. Kg4 Ra1 58. Rd8 Rg1+ 59. Kf5 Ra1 60. a8=Q Rxa8 61. Rxa8 Kg7 62.
Ra7+ Kg8 63. Rf7 Kh8 64. Kf6 Kg8 65. e7 1-0

[Event "*** Titled Tuesday Blitz"]
[Site "Chess.com"]
[Date "2020.02.04"]
[Round "4"]
[White "Volodar_Murzin"]
[Black "vugarrasulov"]
[Result "1-0"]
[WhiteElo "2632"]
[BlackElo "2897"]
[TimeControl "180+2"]
[EndTime "13:51:29 PST"]
[Termination "Volodar_Murzin won by resignation"]

1. d4 Nf6 2. Nf3 e6 3. Bf4 Bd6 4. Bxd6 cxd6 5. Nbd2 O-O 6. c3 b6 7. e3 Bb7 8. Bd3 Qe7 9. Qc2 Nc6 10. Rc1 Rac8 11.
Qb1 e5 12. O-O Rfe8 13. Ne4 g6 14. Nxf6+ Qxf6 15. d5 Ne7 16. e4 Qf4 17. c4 Kg7 18.
Rfe1 f5 19. Rc3 Rf8 20. Bc2 b5 21. cxb5 fxe4 22. Rxe4 Qf7 23. Bb3 Bxd5 24. Qd1 Bxb3 25. axb3 Qd5 26. Re1 Qxd1 27. Rxd1 e4 28. Nd4 Kf6 29.
f3 d5 30. Kf2 Ke5 31. Ke3 g5 32. Ra1 Rxc3+ 33. bxc3 Rc8 34. Kd2 Rc7 35. Ra6 Ng6 36.
g3 exf3 37. Nxf3+ Kf5 38. Rd6 g4 39. Nd4+ Ke4 40. Rf6 Rc8 41. Rf7 h5 42. Rxd7 Rf8 43. Ke2 Rc8 44. Nc6 a6 45. Rd6 Ne5 46. Re6 1-0

[Event "*** Titled Tuesday Blitz"]
[Site "Chess.com"]
[Date "2020.02.04"]
[Round "4"]
[White "ilya261991"]
[Black "CzechmVIII"]
[Result "1-0"]
[WhiteElo "2529"]
[BlackElo "2184"]
[TimeControl "180+2"]
[EndTime "13:51:31 PST"]
[Termination "ilya261991 won by resignation"]

1. Nf3 c5 2. g3 b6 3. Bg2 Bb7 4. O-O Nf6 5. d4 cxd4 6. Qxd4 e6 7. c4 d6 8. Nc3 Be7 9. a3 O-O 10. e4 a6 11. b4 Nbd7 12. Rd1 Qc7 13. Be3 Rac8 14.
Nd2 b5 15. Bf1 bxc4 16. Nxc4 Ne5 17. Nxe5 dxe5 18. Qa7 Ra8 19. Qb6 Qxb6 20. Bxb6 Nxe4 21. Rd7 Nxc3 22. Rxe7 Bf3 23. Bc5 Rfd8 24. Re1 e4 25.
Bg2 Nd5 26. Rb7 Bxg2 27. Kxg2 f5 28. f3 exf3+ 29. Kxf3 Re8 30. Rd7 Nf6 31. Rd6 Rad8 32. Rexe6 Ne4 33. Rxe8+ Rxe8 34. Rd5 Rc8 35. Rxf5 Nd2+ 36.
Ke2 Nb3 37. Kd3 a5 38. Kc3 Nxc5 39. Rxc5 axb4+ 40. axb4 Rb8 41. Kc4 Kf7 42. b5 Ke6 43. Rc6+ Kd7 44. Kc5 g5 45. b6 g4 46. Rc7+ Kd8 47.
Rxh7 Kc8 48. Kc6 1-0

[Event "*** Titled Tuesday Blitz"]
[Site "Chess.com"]
[Date "2020.02.04"]
[Round "4"]
[White "riconaipe"]
[Black "12teen"]
[Result "1-0"]
[WhiteElo "2553"]
[BlackElo "2705"]
[TimeControl "180+2"]
[EndTime "13:51:32 PST"]
[Termination "riconaipe won by resignation"]

1. d4 e6 2. c4 b6 3. a3 Bb7 4. Nc3 d5 5. cxd5 exd5 6. Bf4 Nf6 7. e3 a6 8. Rc1 c5 9. Nf3 Nbd7 10. Bd3 Be7 11.
O-O O-O 12. Ne5 Re8 13. Bg3 Nf8 14. f4 c4 15. Bb1 b5 16. Be1 Qb6 17. g4 a5 18. g5 Ne4 19. Nxe4 dxe4 20. a4 Bd5 21. Ba2 Rec8 22. Qe2 f6 23. gxf6 gxf6 24. Qg4+ Kh8 25. Nd7 Qb7 26. Nc5 Bxc5 27. dxc5 b4 28. Bxc4 Rxc5 29. Bxd5 Qxd5 30. Bh4 Ra6 31. Rfd1 Rxc1 32. Rxc1 f5 33. Qe2 Rg6+ 34. Bg3 Ne6 35. Qb5 Qd2 36. Qe5+ Kg8 37. Rc8+ Nf8 38. Rxf8+ Kxf8 39. Qxf5+ Kg8 40. Qxe4 Qd1+ 41. Kg2 Qd2+ 42. Kg1 Qc1+ 43. Kg2 Qxb2+ 44.
Kg1 Qc1+ 45. Kg2 Qc6 46. Kf3 b3 47. f5 Qxe4+ 48. Kxe4 Rc6 49. Be5 Rc2 50. Kd3 b2 51. Kxc2 1-0

[Event "*** Titled Tuesday Blitz"]
[Site "Chess.com"]
[Date "2020.02.04"]
[Round "4"]
[White "Heineccius"]
[Black "kinga2008"]
[Result "1-0"]
[WhiteElo "2656"]
[BlackElo "1984"]
[TimeControl "180+2"]
[EndTime "13:51:33 PST"]
[Termination "Heineccius won on time"]

1. d4 g6 2. Nf3 Bg7 3. c4 d6 4. Nc3 Nf6 5. e4 O-O 6. h3 e5 7.
d5 Ne8 8. g4 c5 9. Be2 h6 10. Rg1 Nd7 11. h4 a6 12. a4 Qa5 13.
Bd2 Qb6 14. a5 Qd8 15. Qc1 Kh7 16. Bd3 Rh8 17. Ne2 Kg8 18. Ng3 Qf6 19. Be2 Qe7 20. Ra3 Nf8 21. g5 h5 22. Rb3 Rb8 23. Nh2 Nd7 24. Nhf1 b6 25. axb6 Rxb6 26. Rxb6 Nxb6 27. Ne3 Qd7 28. b3 Bf8 29. Qa3 Ng7 30.
Kd1 Be7 31. Kc2 Bd8 32. Ba5 Qc7 33. Rb1 Qd7 34. b4 cxb4 35. Qxb4 Na8 36. Bxd8 Qxd8 37. c5 dxc5 38. Qxc5 Kh7 39. Rb8 Qc7 40. Qxc7 Nxc7 41. Nc4 Nb5 42. Nxe5 Nd4+ 43. Kd3 Nxe2 44. Nxe2 a5 45.
Kd4 a4 46. Ra8 1-0

[Event "*** Titled Tuesday Blitz"]
[Site "Chess.com"]
[Date "2020.02.04"]
[Round "4"]
[White "isla88"]
[Black "stoleriu"]
[Result "0-1"]
[WhiteElo "2326"]
[BlackElo "2503"]
[TimeControl "180+2"]
[EndTime "13:51:34 PST"]
[Termination "stoleriu won by resignation"]

1. c4 e5 2. Nc3 Nc6 3. Nf3 f5 4. d4 e4 5. d5 exf3 6. dxc6 fxg2 7. cxd7+ Qxd7 8. Qxd7+ Bxd7 9. Bxg2 c6 10. Bf4 Ne7 11. e4 Ng6 12. Bg5 f4 13. Ne2 Bd6 14. O-O-O Be7 15. Bxe7 Kxe7 16. h4 Rhf8 17. Bh3 Rad8 18.
Bxd7 Rxd7 19. Nd4 Rfd8 20. Nf5+ Kf6 21. h5 Ne5 22. Rxd7 Rxd7 23. Kc2 Nxc4 24. Rh4 Kg5 25. Rh2 Ne5 26. Rg2+ Kf6 27. Kc3 Rd3+ 28. Kc2 Rd7 29. Kc3 g6 30. hxg6 hxg6 31. Nd4 c5 32. Nb3 b6 33.
Nd2 Rd3+ 34. Kc2 Rd4 35. f3 Nd3 36. Rg1 Nb4+ 37. Kd1 Nxa2 38. Rh1 Nb4 39. Rh4 Nd3 40. Rh8 Nxb2+ 41. Kc2 Nc4 42. Rf8+ Ke7 43. Ra8 Rxd2+ 44. Kc3 Rd4 45. Rxa7+ Kf6 46. Ra4 Ne5 47. Ra6 Rd6 48. Kb3 Nxf3 49. Kc4 Ne5+ 50. Kb5 f3 51. Ra2 g5 52.
Rf2 g4 0-1

[Event "*** Titled Tuesday Blitz"]
[Site "Chess.com"]
[Date "2020.02.04"]
[Round "4"]
[White "2nd_life"]
[Black "kasparicy"]
[Result "1-0"]
[WhiteElo "2485"]
[BlackElo "2258"]
[TimeControl "180+2"]
[EndTime "13:51:34 PST"]
[Termination "2nd_life won on time"]

1. e4 c5 2. Nf3 d6 3. d4 cxd4 4. Nxd4 Nf6 5. Nc3 a6 6. Be3 e6 7. g4 b5 8. g5 Nfd7 9. h4 b4 10. Nce2 Bb7 11. Bg2 Nc5 12. Ng3 Nbd7 13. h5 Be7 14. g6 O-O 15. h6 fxg6 16. hxg7 Rf7 17. Qg4 Nf6 18. Qh3 Qd7 19. O-O-O Rxg7 20. e5 Bxg2 21. Qxg2 Nd5 22. exd6 Bxd6 23. Nxe6 Qxe6 24. Rxd5 Rd8 25. Rhd1 Rgd7 26. Nh5 Bf8 27. Bxc5 Rxd5 28. Nf6+ Qxf6 29. Rxd5 Bh6+ 30. Kb1 Re8 31. Rd1 Bg7 32.
Qd5+ Kh8 33. Bd4 Qe7 34. Bxg7+ Qxg7 35. Qc6 Rf8 36. Qxa6 Rxf2 37. Qb5 Rf8 38. Qxb4 g5 39. a4 g4 40. Rg1 g3 41. a5 g2 42. Qe1 1-0

[Event "*** Titled Tuesday Blitz"]
[Site "Chess.com"]
[Date "2020.02.04"]
[Round "4"]
[White "earling8018"]
[Black "Eloist"]
[Result "0-1"]
[WhiteElo "2054"]
[BlackElo "2245"]
[TimeControl "180+2"]
[EndTime "13:51:34 PST"]
[Termination "Eloist won on time"]

1. c4 e5 2. Nc3 Nf6 3. Nf3 Nc6 4. g3 Bb4 5. Bg2 O-O 6. O-O Re8 7. Nd5 Nxd5 8.
cxd5 Nd4 9. a3 Nxf3+ 10. Bxf3 Bf8 11. b4 c6 12. Qb3 e4 13. Bg2 Qe7 14. Bb2 d6 15. d3 exd3 16. exd3 cxd5 17. Qc3 Be6 18. Rfe1 Rac8 19. Qd4 Rc2 20. Bxd5 Qd7 21. Bxe6 Rxe6 22. Re4 Rxe4 23. dxe4 Qg4 24. Re1 h5 25. Kg2 h4 26.
h3 Qg5 27. Re3 hxg3 28. Rxg3 Qh6 29. Bc3 a6 30. Qe3 Qxe3 31. Rxe3 b5 32. Kf3 Be7 33. Rd3 Kf8 34. Bd4 g6 35. Kf4 Ke8 36. Be3 Kd7 37. e5 Ke6 38. exd6 Bxd6+ 39. Kg5 Ra2 40. Kh6 Be5 41.
Kh7 Ra1 42. Kg8 Rh1 43. Bc5 Rh2 44. Kf8 g5 45. Rf3 g4 0-1

[Event "*** Titled Tuesday Blitz"]
[Site "Chess.com"]
[Date "2020.02.04"]
[Round "4"]
[White "Roman_Ovetchkin"]
[Black "sergiochess83"]
[Result "0-1"]
[WhiteElo "2692"]
[BlackElo "2936"]
[TimeControl "180+2"]
[EndTime "13:51:36 PST"]
[Termination "sergiochess83 won by resignation"]

1. d4 Nf6 2. c4 g6 3. Nc3 d5 4. cxd5 Nxd5 5. e4 Nxc3 6. bxc3 Bg7 7. Be3 c5 8. Qd2 O-O 9. d5 Qa5 10. Rc1 e6 11. Nf3 exd5 12. exd5 Bg4 13. Be2 Nd7 14. c4 Qxd2+ 15. Nxd2 Bxe2 16. Kxe2 Rfe8 17. Rb1 b6 18. Nf3 f5 19. Kd3 Nf6 20. Ng5 Rad8 21. Kc2 f4 22.
Bxf4 Re2+ 23. Kb3 Rxf2 24. Ne6 Rd7 25. Rhf1 Rxf1 26. Rxf1 Ne4 27. Be3 Nd6 28. a4 h5 29.
g3 Nf5 30. Bg1 Bd4 31. Rxf5 gxf5 32. Bxd4 cxd4 33. Nxd4 Kf7 34. Nxf5 Kf6 35. Nd4 Ke5 36. Nc6+ Ke4 37. Kb4 Rg7 38. a5 Kf3 39. axb6 axb6 40. Kb5 Kg2 41. Kxb6 Kxh2 42. d6 Kxg3 43. Ne5 h4 44. c5 h3 45. c6 h2 46. c7 h1=Q 47.
c8=Q Qb1+ 48. Ka6 Qa1+ 49. Kb5 Qxe5+ 50. Kc6 Qc3+ 0-1

[Event "*** Titled Tuesday Blitz"]
[Site "Chess.com"]
[Date "2020.02.04"]
[Round "4"]
[White "Storne89"]
[Black "guillembaches"]
[Result "1/2-1/2"]
[WhiteElo "2640"]
[BlackElo "2395"]
[TimeControl "180+2"]
[EndTime "13:51:36 PST"]
[Termination "Game drawn by repetition"]

1. e4 c5 2. Nf3 d6 3. d4 cxd4 4. Nxd4 Nf6 5. Nc3 a6 6. h3 e5 7. Nb3 Be6 8. Be3 Be7 9. Qf3 O-O 10. O-O-O b5 11. g4 b4 12. Nd5 Nxd5 13. exd5 Bc8 14.
Bd3 a5 15. Kb1 a4 16. Nd2 a3 17. b3 Qc7 18. Nc4 Nd7 19. g5 Nc5 20. h4 Nxd3 21. cxd3 f5 22. Rc1 Qb7 23. Nb6 f4 24. Nxc8 Raxc8 25. Bd2 Qb5 26. Rc4 Rxc4 27. dxc4 Qc5 28. Re1 Bd8 29.
Qe2 Bb6 30. f3 Re8 31. Qd3 Rb8 32. Rf1 Qd4 33. Qxd4 Bxd4 34. Kc2 Kf7 35. h5 Bc5 36. Kd3 Rc8 37. Ke4 g6 38. Rh1 Kg7 39. Be1 Rc7 40. Rh2 Rc8 41. hxg6 hxg6 42. Bf2 Bxf2 43. Rxf2 Rc5 44.
Rh2 Rc7 45. Kd3 Rc5 46. Rc2 Kg8 47. Ke4 Kg7 48. Kd3 Kg8 49. Rh2 Kg7 50. Rh6 Rc7 51. Ke4 Rc5 52. Kd3 Rc7 53. Ke4 Rc5 54. Kd3 1/2-1/2

[Event "*** Titled Tuesday Blitz"]
[Site "Chess.com"]
[Date "2020.02.04"]
[Round "4"]
[White "Gahan-MG"]
[Black "Poghosyan_Suren"]
[Result "0-1"]
[WhiteElo "2442"]
[BlackElo "2672"]
[TimeControl "180+2"]
[EndTime "13:51:45 PST"]
[Termination "Poghosyan_Suren won by resignation"]

1. e4 e6 2. b3 d5 3. Bb2 dxe4 4.
Nc3 Nf6 5. g4 h6 6. Bg2 e5 7. h3 Nc6 8. Nxe4 Nd5 9. Ne2 Be7 10. O-O h5 11. N2g3 hxg4 12. hxg4 Nf4 13. Qf3 Rh4 14. Nf5 Bxf5 15. gxf5 Nd4 16. Bxd4 Qxd4 17.
Ng3 c6 18. Rfe1 O-O-O 19. c3 Qxd2 20. Rxe5 Bf6 21. Re4 Qxc3 22. Qxc3 Bxc3 23. Rc1 Bf6 24. Bf3 Rd2 25. Kf1 Rxf2+ 26. Kxf2 Nd3+ 27. Kg2 Rxe4 28.
Bxe4 Nxc1 29. Bb1 b5 30. Kf3 a5 31. Ne4 Be5 32. Ke3 g6 33. f6 Kd7 34. Nc5+ Kd6 35. Ne4+ Ke6 36. Ng5+ Kxf6 37. Nh3 g5 38. Kd2 g4 39.
Nf2 Bf4+ 40. Kd1 Kg5 41. Be4 c5 42. a4 bxa4 43. bxa4 Nb3 44. Bd5 Nd4 45. Bxf7 g3 46.
Ne4+ Kg4 47. Bd5 g2 48. Nf6+ Kf5 49. Bxg2 Kxf6 0-1

[Event "*** Titled Tuesday Blitz"]
[Site "Chess.com"]
[Date "2020.02.04"]
[Round "4"]
[White "Misi_95"]
[Black "MathiasWomacka"]
[Result "0-1"]
[WhiteElo "2644"]
[BlackElo "2435"]
[TimeControl "180+2"]
[EndTime "13:51:53 PST"]
[Termination "MathiasWomacka won by resignation"]

1. e4 c5 2. Nf3 d6 3. Bb5+ Nd7 4. d4 cxd4 5. Qxd4 a6 6. Bxd7+ Bxd7 7. Nc3 e5 8. Qd3 h6 9. Nd2 Be6 10. Nc4 Rc8 11. Ne3 Nf6 12. O-O Be7 13. Rd1 O-O 14.
a4 Qb6 15. a5 Qc5 16. Bd2 Qd4 17. Be1 Qxd3 18. Rxd3 Rc6 19. f3 Rfc8 20. Rad1 Kf8 21.
b4 g6 22. Ncd5 Bxd5 23. exd5 R6c7 24. c4 Nh5 25. c5 f5 26. Nc4 Rd8 27. Bf2 Kf7 28. g3 Nf6 29. cxd6 Rxc4 30. dxe7 Kxe7 31. Bc5+ Kf7 32. d6 Rd7 33. Kf2 e4 34. Rd4 Rc3 35. f4 Ng4+ 36. Kg1 Ke6 37. Re1 Rc2 38. h3 Nh2 39.
Rf1 Nxf1 40. Kxf1 g5 41. Kg1 gxf4 42. gxf4 Rg7+ 43. Kf1 Kd7 44. Rd5 Rgg2 45. Rxf5 Rgd2 46. Rf7+ Ke6 47. Re7+ Kf5 48. Rf7+ Kg6 0-1

[Event "*** Titled Tuesday Blitz"]
[Site "Chess.com"]
[Date "2020.02.04"]
[Round "4"]
[White "SARGISMV"]
[Black "SF-96"]
[Result "1-0"]
[WhiteElo "2394"]
[BlackElo "2592"]
[TimeControl "180+2"]
[EndTime "13:51:54 PST"]
[Termination "SARGISMV won on time"]

1. d4 Nf6 2. c4 g6 3. Nc3 d5 4. cxd5 Nxd5 5. Nf3 Bg7 6. e4 Nxc3 7. bxc3 c5 8. Be3 Qa5 9. Qd2 O-O 10. Rc1 Rd8 11. d5 e6 12. Bg5 f6 13. Be3 exd5 14. exd5 Nc6 15. Bd3 c4 16. Bxc4 Be6 17. Rd1 Ne7 18. dxe6 Rxd2 19. Rxd2 Qxc3 20. Bb3 a5 21.
O-O a4 22. Bxa4 f5 23. Bb3 Bf6 24. Rd7 Kg7 25. h4 h6 26. Rc1 Qb4 27. Rcc7 b6 28. Bd4 Re8 29. Ne5 Qe1+ 30. Kh2 Qe4 31. Nf3 Qf4+ 32.
Kg1 Bxd4 33. Nxd4 Kf6 34. g3 Qd2 35. Kg2 f4 36. Nc6 f3+ 37. Kxf3 Qc3+ 38. Kg2 Nxc6 39. Bd5 Qb4 40. Rxc6 Ke5 41. Rc4 Qa3 42. Re4+ 1-0

[Event "*** Titled Tuesday Blitz"]
[Site "Chess.com"]
[Date "2020.02.04"]
[Round "4"]
[White "AntonSmirnov"]
[Black "johnathan113"]
[Result "1-0"]
[WhiteElo "2896"]
[BlackElo "2633"]
[TimeControl "180+2"]
[EndTime "13:51:59 PST"]
[Termination "AntonSmirnov won by resignation"]

1. e4 c5 2. Nf3 g6 3. d4 cxd4 4. Nxd4 Nc6 5. Nc3 Bg7 6. Be3 Nf6 7. Bc4 O-O 8. Bb3 d5 9. exd5 Na5 10. O-O Nxb3 11.
Nxb3 b6 12. Qd2 Bb7 13. Rad1 Qc7 14. Bf4 Qc4 15. Bh6 Rfd8 16. Bxg7 Kxg7 17. Qe3 Nxd5 18. Nxd5 Rxd5 19. Qxe7 Rxd1 20. Rxd1 Bxg2 21. Qe5+ Kg8 22.
Qd4 Qc6 23. Qd6 Rc8 24. Qxc6 Bxc6 25. Nd4 Bb7 26. f3 Kf8 27. Kf2 Ke7 28. a3 f5 29. c3 Rd8 30. Re1+ Kf6 31. Re6+ Kg5 32. Re7 Bd5 33. Rxh7 a5 34. h4+ Kf6 35. h5 Kg5 36. hxg6 Kxg6 37. Rc7 Rh8 38. Kg3 Kg5 39. Rg7+ Kf6 40.
Rd7 Bc4 41. Rd6+ Ke5 42. Rxb6 f4+ 43. Kg2 Rg8+ 44. Kf2 Rh8 45. Rg6 Rh2+ 46. Rg2 Rh1 47. Rg5+ Kd6 48. Kg2 Rb1 49. b4 a4 50. Ra5 Bb3 51. Ra6+ Kd5 52. b5 Rc1 53. b6 Kd6 54. b7+ Kc7 55. Rb6 Rc2+ 56. Kh3 Be6+ 57. Nxe6+ Kb8 58.
Nd4 Rxc3 59. Nc6+ Kc7 60. b8=Q+ Kd7 61. Qd8+ Ke6 62. Nd4+ 1-0

[Event "*** Titled Tuesday Blitz"]
[Site "Chess.com"]
[Date "2020.02.04"]
[Round "4"]
[White "SantoBlue"]
[Black "Chigorinetz"]
[Result "1-0"]
[WhiteElo "2821"]
[BlackElo "2563"]
[TimeControl "180+2"]
[EndTime "13:51:59 PST"]
[Termination "SantoBlue won by resignation"]

1. d4 d5 2. c4 Nc6 3. cxd5 Qxd5 4. Nf3 e5 5. Nc3 Bb4 6. Bd2 Bxc3 7. Bxc3 e4 8. Ne5 Nxe5 9. dxe5 Ne7 10. e3 Be6 11.
Be2 Qxd1+ 12. Bxd1 O-O-O 13. Bc2 Bf5 14. Ke2 Nd5 15.
Bd2 Rhe8 16. Bb3 Rxe5 17. Rac1 Bg4+ 18. Ke1 f5 19. h3 Bh5 20. Rc5 b6 21. Bc3 bxc5 22.
Bxe5 Nb4 23. Bxg7 c4 24. Ba4 Nd3+ 25. Kf1 Nc5 26. g4 fxg4 27. Bb5 g3 28. Bd4 g2+ 29.
Kxg2 Bf3+ 30. Kh2 Bxh1 31. Kxh1 Ne6 32. Bc3 Rd1+ 33. Kg2 c5 34. Bxc4 Kd7 35. Bb3 Rc1 36. Bd5 Ng5 37. Bf6 Kd6 38. Bb7 Nf3 39. Bxe4 Ne5 40.
Bxh7 a5 41. f4 Nc4 42. e4 Rc2+ 43. Kg3 Nxb2 44. e5+ Ke6 45. f5+ Kd5 46. e6 Nd3 47.
Bg8 Re2 48. e7+ Kd6 49. Be6 Re3+ 50. Kh4 Nf4 51. e8=Q Rxh3+ 52. Kg4 1-0

[Event "*** Titled Tuesday Blitz"]
[Site "Chess.com"]
[Date "2020.02.04"]
[Round "4"]
[White "Rodalquilar"]
[Black "Firouzja2003"]
[Result "0-1"]
[WhiteElo "2667"]
[BlackElo "3150"]
[TimeControl "180+2"]
[EndTime "13:52:00 PST"]
[Termination "Firouzja2003 won by resignation"]

1. d4 d5 2. Bf4 Nf6 3. e3 g6 4.
Nf3 Bg7 5. Be2 O-O 6. O-O c5 7. c3 Qb6 8. Qb3 Nc6 9. Nbd2 c4 10. Qa3 Nh5 11. Bg5 Re8 12. e4 e6 13. b3 cxb3 14.
axb3 Qc7 15. e5 f6 16. exf6 Bxf6 17. Bxf6 Nxf6 18. Rfe1 e5 19. dxe5 Nxe5 20. Nxe5 Rxe5 21. Nf3 Re4 22. Bd3 Rxe1+ 23. Rxe1 Qxc3 24. Qe7 Bg4 25. Ng5 Rf8 26. h3 Bd7 27. Re3 Qc1+ 28. Kh2 Qc7+ 29. Rg3 Qd8 30. Qe5 Re8 31. Qd4 Qb6 32. Qh4 Nh5 33. Nxh7 Nxg3 34. Nf6+ Kg7 35. Nxe8+ Bxe8 36. Qxg3 Qd4 37. Bc2 Bf7 38. Qc7 Qxf2 39. Qe5+ Qf6 40.
Qc7 b5 41. Bd3 a6 42. Kg3 d4 43. b4 Qg5+ 44. Kh2 Qd5 45. Qb6 Qe5+ 46. Kh1 Qe1+ 47. Kh2 Qe3 48. Bb1 Qf4+ 49. Kg1 Qc1+ 50. Kh2 Qxb1 51.
Qxd4+ Kf8 52. Qd6+ Ke8 53. Qb8+ Kd7 54. Qb7+ Ke6 55. Qxa6+ Ke7 56. Qa7+ Kf8 57. Qb8+ Be8 58. Qxb5 Bxb5 0-1

[Event "*** Titled Tuesday Blitz"]
[Site "Chess.com"]
[Date "2020.02.04"]
[Round "4"]
[White "dragos420"]
[Black "davigator"]
[Result "1-0"]
[WhiteElo "2486"]
[BlackElo "2263"]
[TimeControl "180+2"]
[EndTime "13:52:01 PST"]
[Termination "dragos420 won by checkmate"]

1. e4 c5 2. Nf3 Nc6 3. Bb5 g6 4. O-O Bg7 5. Nc3 Nh6 6. h3 O-O 7. Re1 Nd4 8. Bc4 e6 9. d3 f5 10.
Nxd4 cxd4 11. Ne2 Nf7 12. exf5 gxf5 13. Bf4 d5 14. Bb3 e5 15. Bh2 f4 16. f3 Qd6 17.
Kh1 Kh8 18. Qd2 a5 19. a4 Bd7 20. c3 dxc3 21. bxc3 Ng5 22. d4 Bxh3 23. dxe5 Bxe5 24. gxh3 Nxf3 25. Qxd5 Nxe1 26. Rxe1 Qf6 27. Ng1 Rae8 28. Nf3 Bxc3 29. Rxe8 Rxe8 30. Qxb7 Qg7 31. Qxg7+ Kxg7 32.
Bxf4 Re2 33. Bc7 Re3 34. Kg2 Bb4 35. Bc4 Bc3 36. h4 Re4 37. Bb5 h6 38. Kg3 Kf6 39. Bf4 Kg7 40. Bd2 Bxd2 41. Nxd2 Rd4 42. Nb3 Re4 43. Nxa5 h5 44. Nc4 Rg4+ 45. Kh3 Kf6 46. a5 Rg1 47. a6 Ra1 48. Nb6 Ke5 49. Ba4 Kf4 50. a7 Ra3+ 51. Kg2 Ra2+ 52. Kf1 Kg3 53. a8=Q Kxh4 54. Qd8+ Kg3 55. Qg8+ Kh3 56. Qxa2 h4 57. Bd7+ Kg3 58. Qf2# 1-0

[Event "*** Titled Tuesday Blitz"]
[Site "Chess.com"]
[Date "2020.02.04"]
[Round "4"]
[White "Chesstrainer1"]
[Black "ShahMatKanal"]
[Result "0-1"]
[WhiteElo "2363"]
[BlackElo "2519"]
[TimeControl "180+2"]
[EndTime "13:52:02 PST"]
[Termination "ShahMatKanal won on time"]

1. Nf3 d5 2. c4 e6 3. g3 Nf6 4. Bg2 Be7 5. O-O O-O 6. d4 c6 7.
Qc2 Nbd7 8. Nbd2 b6 9. e4 Bb7 10.
e5 Ne8 11. cxd5 cxd5 12. Re1 Rc8 13. Qd1 a5 14. h4 b5 15. Nf1 Nb6 16. Bg5 h6 17.
Bxe7 Qxe7 18. Qd3 Nc4 19. Re2 Nc7 20. Rc1 Na6 21. Qb1 Rc7 22. Rec2 Rfc8 23. N3d2 Nb4 24. Rc3 f6 25. f4 fxe5 26. fxe5 Rf8 27. Nf3 Rd7 28. Bh3 Qe8 29. b3 Nb6 30. N1h2 Rdf7 31. Rc7 Na6 32. Rxf7 Qxf7 33. a3 Rc8 34. Rxc8+ Nxc8 35. Qd3 Nc7 36. Qc3 a4 37. b4 Nb6 38.
Qc5 Nc4 39. Qa7 Bc6 40. Qb8+ Be8 41. Kg2 Nxa3 42. Ng4 Nc4 43. Qa7 h5 44. Ngh2 a3 45. Ng5 Ne3+ 46. Kg1 Qg6 47. Qxc7 a2 48. Bxe6+ Kh8 0-1